 Dungeon Crawl Stone Soup version 0.27.0-1-g7a089689b8 (webtiles) character file.

Game seed: 202772548921849229

617 Smaepdii the Spear-Bearer (level 7, -3/82 HPs)
             Began as a Merfolk Gladiator on Aug 15, 2021.
             Was an Initiate of Qazlal.
             Slain by Duvessa (10 damage)
             ... on level 4 of the Dungeon.
             The game lasted 00:16:16 (4525 turns).

Smaepdii the Spear-Bearer (Merfolk Gladiator)       Turns: 4525, Time: 00:16:16

Health: -3/82      AC: 23    Str: 14    XL:     7   Next: 45%
Magic:  7/8        EV:  2    Int:  9    God:    Qazlal [......]
Gold:   73         SH:  0    Dex: 16    Spells: 6/6 levels left

rFire    . . .     SeeInvis .   a - +0 trident
rCold    . . .     Faith    .   (no shield)
rNeg     + + +     Spirit   .   (armour currently unavailable)
rPois    +         Reflect  .   (helmet currently unavailable)
rElec    .         Harm     .   (cloak currently unavailable)
rCorr    .         Rampage  .   (gloves currently unavailable)
Will     .....     NoTele   +   (boots currently unavailable)
Stlth    +.........             (no amulet)
HPRegen  0.23/turn              (no ring)
MPRegen  0.11/turn              (no ring)

@: brilliant, tree-form (expiring)
A: stationary, stasis, torment immunity, boosted hp, (nimble swimmer 2),
(mertail)
a: Renounce Religion


You were on level 4 of the Dungeon.
You worshipped Qazlal.
Qazlal was noncommittal.
You were a tree.
You visited 1 branch of the dungeon, and saw 4 of its levels.

You collected 73 gold pieces.

Inventory:

Hand Weapons
 a - a +0 trident (weapon)
Missiles
 d - a throwing net (quivered)
Armour
 c - a +0 helmet (melded)
 q - a +0 ring mail (melded)
 r - a +1 cloak of poison resistance (melded)
Wands
 o - a wand of flame (1)
Potions
 b - a potion of curing {unknown}
 e - a potion of cancellation {unknown}
 g - a potion of brilliance
 i - a potion of lignification {unknown}
 j - a potion of mutation {unknown}
 k - a potion of flight {unknown}
 m - 2 potions of degeneration {unknown}


   Skills:
 + Level 4.6 Fighting
 * Level 9.0 Polearms
 - Level 2.0 Throwing
 + Level 6.3 Dodging
 + Level 1.4 Invocations


You had 6 spell levels left.
You didn't know any spells.
Your spell library was empty.

Dungeon Overview and Level Annotations

Branches:
Dungeon (4/15)
 Temple: D:4-7

Altars:
Gozag
Qazlal
Yredelemnul

Annotations:
D:3 2 transporters
D:4 Duvessa


Innate Abilities, Weirdness & Mutations

You are a tree.
Your roots penetrate the ground, keeping you stationary.
You cannot be teleported.
You are immune to unholy pain and torment.
Your maximum health is greatly increased.
Your equipment is partially melded.
((You are quick and stealthy near water. (Stealth+, EV+, Speed+++)))
((Your lower body shifts to a powerful aquatic tail in water.))


Message History

You kill Dowan!
Qazlal accepts your kill.
Duvessa screams, "No!
How DARE you!"
Duvessa goes berserk!
Your transformation is almost over.
Duvessa hits you with a +0 rapier.
Your Polearms skill increases to level 9!
You barely miss Duvessa.
Duvessa is lightly wounded.
Duvessa barely misses you.
You closely miss Duvessa.
Duvessa is lightly wounded.
Duvessa hits you but does no damage. x2
You hit Duvessa.
Duvessa is lightly wounded.
Duvessa hits you but does no damage.
You puncture Duvessa!
Duvessa is moderately wounded.
Duvessa hits you but does no damage.
You hit Duvessa.
Duvessa is moderately wounded.
Duvessa hits you with a +0 rapier!
You hit Duvessa.
Duvessa is moderately wounded.
Duvessa hits you but does no damage. Duvessa hits you with a +0 rapier!
You closely miss Duvessa.
Duvessa is moderately wounded.
Duvessa hits you with a +0 rapier.
You barely miss Duvessa.
Duvessa is moderately wounded.
Duvessa hits you with a +0 rapier!
* * * LOW HITPOINT WARNING * * *
You hit Duvessa but do no damage.
Duvessa is moderately wounded.
Duvessa hits you with a +0 rapier!
* * * LOW HITPOINT WARNING * * *
It was a potion of brilliance.
You feel clever all of a sudden. Duvessa completely misses you.
Duvessa hits you with a +0 rapier!
You die...

.####...# #.....#.......#.....#
.# ##...####.#...##.....##..####
.###..e......#...####.####.##
.##...#.######.............#
....e##.## #....####..#..#**
.....##..# #...###<..###...#
.....###.## #...###.### ###.#*
.e...# #..####..e.##.# *..#
....## ##......)♣....# **.# §...#
#....#....)### *,#
....#***#.##.....#..#**** *,***
....#*,...###.#####....,** *,,,*
....##.####*#.#****####,,** ***,,
######,****,...,,* **,,******,
######.**,,.####** **,,,,,,,,
.......,,,##***************,,*,_,
#####.#****,,,,,,,,,,,,,,,,,,,,,,


You could see Duvessa (berserk, fast).

Vanquished Creatures
  Grinder (D:3)
  A centaur (D:4)
  Dowan (D:4)
  An orc priest (D:3)
  Crazy Yiuf (D:3)
  Terence (D:2)
  2 orc wizards (D:3)
  Robin (D:3)
  3 gnolls (D:4)
  4 adders
  3 worms
  A dart slug (D:3)
  9 orcs
  3 endoplasms
  11 goblins
  7 hobgoblins
  7 jackals
  2 quokkas
  3 bats
  A frilled lizard (D:1)
  3 kobolds
  A quokka skeleton (D:4)
  4 rats
71 creatures vanquished.

Vanquished Creatures (others)
  2 fungi (D:3)
2 creatures vanquished.

Grand Total: 73 creatures vanquished

Notes
Turn   | Place    | Note
-------+----------+-------------------------------------------
     0 | D:1      | Smaepdii the Merfolk Gladiator began the quest for the Orb.
     0 | D:1      | Reached XP level 1. HP: 16/16 MP: 1/1
   347 | D:1      | Reached XP level 2. HP: 13/23 MP: 2/2
   659 | D:1      | Reached skill level 5 in Polearms
  1032 | D:2      | Reached XP level 3. HP: 28/28 MP: 3/3
  1205 | D:2      | Found a faded altar of an unknown god.
  1602 | D:2      | Noticed Terence
  1621 | D:2      | Killed Terence
  1622 | D:2      | Reached skill level 6 in Polearms
  1622 | D:2      | Reached XP level 4. HP: 4/35 MP: 4/4
  2506 | D:3      | Noticed Robin
  2516 | D:3      | Killed Robin
  2517 | D:3      | Reached skill level 5 in Dodging
  2517 | D:3      | Reached XP level 5. HP: 41/41 MP: 5/5
  2879 | D:3      | Found a transporter.
  2880 | D:3      | Found a transporter.
  2925 | D:3      | Reached skill level 7 in Polearms
  3142 | D:3      | Noticed Grinder
  3163 | D:3      | Paralysed by Grinder for 3 turns
  3167 | D:3      | Killed Grinder
  3168 | D:3      | Reached skill level 8 in Polearms
  3168 | D:3      | Reached XP level 6. HP: 9/48 MP: 6/6
  3736 | D:3      | Found a stormy altar of Qazlal.
  3744 | D:3      | Became a worshipper of Qazlal Stormbringer
  3823 | D:3      | Found a runed translucent door.
  3824 | D:3      | Noticed Crazy Yiuf
  3831 | D:3      | Killed Crazy Yiuf
  3888 | D:4      | Reached XP level 7. HP: 54/54 MP: 7/7
  3917 | D:4      | Reached skill level 1 in Invocations
  4112 | D:4      | Found a basalt altar of Yredelemnul.
  4195 | D:4      | Found an opulent altar of Gozag.
  4420 | D:4      | Noticed Dowan
  4422 | D:4      | Noticed Duvessa
  4515 | D:4      | Killed Dowan
  4516 | D:4      | Reached skill level 9 in Polearms
  4525 | D:4      | Slain by Duvessa

Illustrated notes

Levels and vault maps discovered:
D:1:      lordsloth_arrival_two_stooges, layout_loops_cross
D:2:      layout_basic, shapermc_ecumenical_altar_ellora, st_stairs_13,
          uniq_terence
D:3:      gammafunk_wand_slinger, layout_rooms, lemuel_coloured_pillars_altar,
          uniq_crazy_yiuf_cottage, uniq_grinder, uniq_robin
D:4:      layout_rooms, nicolae_overflow_crystal_walls, old_standard_altar,
          mainiacjoe_overflow_tiny_flanked, ebering_ghost_disaster_area,
          serial_curves, eino_curves_03, eino_curves_04, eino_curves_02,
          uniq_duvessa, uniq_ijyb

Skill      XL: |  1  2  3  4  5  6  7 |
---------------+----------------------+-----
Polearms       | 5 6 8 9 |  9.0
Fighting       | 3 4 |  4.6
Dodging        | 5 6 |  6.3
Invocations    | 1 |  1.4
Throwing       | |  2.0

Action                   |  1- 3 |  4- 6 |  7- 9 || total
-------------------------+-------+-------+-------++-------
Melee: Trident           |    86 |   133 |    83 ||   302
Throw: Throwing net      |     4 |       |     2 ||     6
Evoke: Wand              |       |    18 |       ||    18
  Use: Scroll            |       |       |     4 ||     4
       Potion            |       |       |     3 ||     3
 Stab: Held in net/web   |     4 |       |       ||     4
       Distracted        |       |     2 |       ||     2
Armor: Leather armour    |    14 |       |       ||    14
       Ring mail         |       |    28 |    18 ||    46
       Skin              |       |       |    24 ||    24
Dodge: Dodged            |    32 |    56 |    56 ||   144
